 Dungeon Crawl Stone Soup version 0.24.0-123-gd5b16e6ec5 (webtiles) character file.

Game seed: 783262586565709902, levelgen mode: deterministic

1106 Peloso the Shield-Bearer (level 8, -6/70 HPs)
             Began as a Minotaur Fighter on Jan 11, 2020.
             Mangled by an ogre
             ... wielding a +0 giant club
              (16 damage)
             ... on level 5 of the Dungeon.
             The game lasted 00:06:26 (2943 turns).

Peloso the Shield-Bearer (Minotaur Fighter)         Turns: 2943, Time: 00:06:27

Health: -6/70      AC:  7    Str: 24    XL:     8   Next: 11%
Magic:  7/7        EV:  9    Int:  5    God:
Gold:   167        SH: 16    Dex: 11    Spells: 7/7 levels left

rFire    . . .     SeeInvis .   a - +0 long sword
rCold    . . .     Gourm    .   c - +0 shield
rNeg     . . .     Faith    .   b - +0 scale mail
rPois    .         Spirit   .   (helmet unavailable)
rElec    .         Reflect  +   (no cloak)
rCorr    .         Harm     .   (no gloves)
MR       .....                  (no boots)
Stlth    ..........             e - +5 amulet of reflection
HPRegen  0.21/turn              (no ring)
MPRegen  0.10/turn              (no ring)

@: no status effects
A: retaliatory headbutt, horns 3, strong 1
a: no special abilities


You were on level 5 of the Dungeon.
You were hungry.

You visited 1 branch of the dungeon, and saw 5 of its levels.

You collected 167 gold pieces.

Inventory:

Hand Weapons
 a - a +0 long sword (weapon)
Armour
 b - a +0 scale mail (worn)
 c - a +0 shield (worn)
Jewellery
 e - a +5 amulet of reflection (around neck)
Scrolls
 g - a scroll of identify {unknown}
 i - a scroll of immolation {unknown}
 j - 3 scrolls of enchant armour {unknown}
 k - 3 scrolls of fear {unknown}
 l - 2 scrolls of remove curse {unknown}
 m - 2 scrolls of fog {unknown}
 n - a scroll of magic mapping {unknown}
 p - a scroll of noise {unknown}
 q - 2 scrolls of teleportation {unknown}
Potions
 d - a potion of might
 h - a potion of brilliance
 o - a potion of flight
Comestibles
 f - 5 rations


   Skills:
 + Level 5.7 Fighting
 + Level 6.7 Long Blades
 + Level 6.0 Armour
 + Level 2.3 Dodging
 + Level 0.5 Stealth
 + Level 7.1 Shields


You had 7 spell levels left.
You didn't know any spells.
Your spell library was empty.

Dungeon Overview and Level Annotations

Branches:
Dungeon (5/15)
 Temple: D:4-7

Altars:
Gozag
Trog
Xom
The Shining One

Annotations:
D:3 2 transporters, Chiseanne's ghost, amateur DsWr


Innate Abilities, Weirdness & Mutations

You reflexively headbutt those who attack you in melee.
You have a pair of large horns on your head.
Your muscles are strong. (Str +2)


Message History

You hit the bullfrog zombie.
The bullfrog zombie is severely damaged.
You block the bullfrog zombie's attack. The bullfrog zombie hits you.
You closely miss the bullfrog zombie. You headbutt the bullfrog zombie!
You destroy the bullfrog zombie!
You hit the ogre.
The ogre is heavily wounded.
You hit the ogre.
The ogre is moderately wounded.
The ogre hits you with a +0 giant club!!
The ogre hits you with a +0 giant club.
You hit the ogre. You headbutt the ogre!
The ogre is almost dead.
You block the ogre's attack. x2
You hit the ogre but do no damage.
The ogre is almost dead.
The ogre hits you with a +0 giant club!
* * * LOW HITPOINT WARNING * * *
The ogre hits you with a +0 giant club!
You die...

#: #.# ###
.#..# .. .#.#
#. ..# #.##.#
#....# ##
#<..#%..#
#@O..#
##O##..... #..#
###.
#.........#
...............
#.............#
##.............
#(.......>..[.
...............


You could see 2 ogres.

Vanquished Creatures
  Grinder (D:4)
  Duvessa (D:4)
  A sky beast (D:3)
  2 phantoms (D:4)
  An ogre (D:4)
  Blork the orc (D:4)
  Dowan (D:4)
  2 bullfrog zombies
  An orc wizard (D:3)
  2 worker ants (D:4)
  7 gnolls
  4 adders
  An adder skeleton (D:4)
  3 worms
  5 dart slugs
  A leopard gecko (D:3)
  4 orcs (D:3)
  4 bats
  2 giant cockroaches
  7 hobgoblins
  8 jackals
  3 quokkas
  A ball python (D:1)
  A frilled lizard (D:1)
  5 goblins
  6 kobolds
  A leopard gecko zombie (D:5)
  A quokka skeleton (D:4)
  5 rats
82 creatures vanquished.

Notes
Turn   | Place    | Note
-------+----------+-------------------------------------------
     0 | D:1      | Peloso the Minotaur Fighter began the quest for the Orb.
     0 | D:1      | Reached XP level 1. HP: 19/19 MP: 0/0
    29 | D:1      | Reached skill level 4 in Shields
    29 | D:1      | Reached XP level 2. HP: 6/27 MP: 1/1
   436 | D:1      | Reached XP level 3. HP: 33/33 MP: 2/2
   787 | D:2      | Found an opulent altar of Gozag.
  1013 | D:2      | Reached XP level 4. HP: 34/40 MP: 3/3
  1058 | D:2      | Found a glowing golden altar of the Shining One.
  1136 | D:2      | Found a shimmering altar of Xom.
  1213 | D:2      | Found a bloodstained altar of Trog.
  1414 | D:3      | Reached XP level 5. HP: 46/47 MP: 4/4
  1501 | D:3      | Noticed a sky beast
  1518 | D:3      | Killed a sky beast
  1518 | D:3      | Reached skill level 1 in Dodging
  1518 | D:3      | Reached skill level 5 in Shields
  1523 | D:3      | Found a transporter.
  1525 | D:3      | Noticed Chiseanne's ghost (amateur DsWr)
  1526 | D:3      | Found a transporter.
  1924 | D:3      | Reached XP level 6. HP: 53/53 MP: 5/5
  2009 | D:4      | Reached skill level 5 in Fighting
  2031 | D:4      | Noticed Grinder
  2042 | D:4      | Killed Grinder
  2042 | D:4      | Reached skill level 5 in Long Blades
  2042 | D:4      | Reached skill level 6 in Shields
  2042 | D:4      | Reached XP level 7. HP: 13/61 MP: 6/6
  2271 | D:4      | Noticed Duvessa
  2271 | D:4      | Noticed Dowan
  2295 | D:4      | Killed Dowan
  2309 | D:4      | Killed Duvessa
  2309 | D:4      | Reached skill level 5 in Armour
  2315 | D:4      | Gained mutation: Your muscles are strong. (Str +2) [potion
                  | of mutation]
  2315 | D:4      | Gained mutation: You have a pair of large horns on your
                  | head. [potion of mutation]
  2689 | D:4      | Noticed Blork the orc
  2694 | D:4      | Killed Blork the orc
  2786 | D:4      | Reached skill level 7 in Shields
  2786 | D:4      | Reached XP level 8. HP: 51/70 MP: 7/7
  2926 | D:5      | Entered Level 5 of the Dungeon
  2943 | D:5      | Mangled by an ogre

Levels and vault maps discovered:
D:1:      elethiomel_arrival_quiet, layout_rooms
D:2:      layout_loops_cross, lemuel_coloured_pillars_altar,
          lemuel_crystal_altar, overflow_temple_1_default, tso_oasis_becter,
          minmay_misc_feat_enclosed
D:3:      layout_loops_ring, gammafunk_ghost_arena
D:4:      layout_rooms, first_ration, kennysheep_generic_room_13, uniq_duvessa,
          uniq_blork_the_orc, uniq_grinder
D:5:      layout_rooms, nicolae_qazlal_eye_of_the_storm, minmay_manual_mail

Skill      XL: |  1  2  3  4  5  6  7  8 |
---------------+-------------------------+-----
Shields        | 4 5 6 7 |  7.1
Armour         | 4 5 6 |  6.0
Fighting       | 4 5 |  5.7
Long Blades    | 3 4 5 6 |  6.7
Dodging        | 1 2 |  2.3
Stealth        | |  0.5

Action                   |  1- 3 |  4- 6 |  7- 9 || total
-------------------------+-------+-------+-------++-------
Melee: Long sword        |    84 |   107 |    69 ||   260
       Headbutt          |    14 |    17 |    21 ||    52
  Use: Potion            |     3 |     3 |     3 ||     9
  Eat: Chunk             |       |     3 |     3 ||     6
Armor: Scale mail        |    29 |    28 |    10 ||    67
Dodge: Dodged            |    21 |    21 |    25 ||    67
Block: Shield            |    41 |    74 |    55 ||   170
       Reflection        |       |     5 |     3 ||     8
       Rpst.: Long sword |     6 |     3 |     6 ||    15
